 Dungeon Crawl Stone Soup version 0.26.1-11-gd32895ea62 (webtiles) character file.

Game seed: 17572296240852550697

401 kikikiki the Covert (level 6, -8/41 HPs)
             Began as a Vampire Enchanter on June 21, 2021.
             Was an Initiate of Dithmenos.
             Killed by divine providence
             ... invoked by an orc priest
              (12 damage)
             ... on level 5 of the Dungeon.
             The game lasted 00:15:29 (3803 turns).

kikikiki the Covert (Vampire Enchanter)             Turns: 3803, Time: 00:15:30

Health: -8/41      AC:  3    Str:  7    XL:     6   Next: 54%
Magic:  1/10       EV: 13    Int: 18    God:    Dithmenos [......]
Gold:   301        SH:  0    Dex: 16    Spells: 4/10 levels left

rFire    + . .     SeeInvis +   a - +1 dagger
rCold    . . .     Faith    .   (no shield)
rNeg     . . .     Spirit   .   b - +0 robe
rPois    .         Reflect  .   (no helmet)
rElec    .         Harm     .   (no cloak)
rCorr    .         Rampage  .   (no gloves)
Will     .....                  j - +0 pair of boots
Stlth    ++++......             (no amulet)
HPRegen  0.33/turn              w - ring of flight
MPRegen  0.12/turn              B - ring of protection from fire

@: regenerating quickly
A: fangs 3, see invisible, unbreathing
a: Exsanguinate, Renounce Religion, Evoke Flight


You were on level 5 of the Dungeon.
You worshipped Dithmenos.
Dithmenos was noncommittal.
You visited 1 branch of the dungeon, and saw 6 of its levels.

You collected 301 gold pieces.

Inventory:

Hand Weapons
 a - a +1 dagger (weapon)
 h - a +1 dagger of protection
 i - a +1 dagger of draining
 u - a +0 hunting sling of flaming
Missiles
 c - 5 javelins
Armour
 b - a +0 robe (worn)
 j - a +0 pair of boots (worn)
 r - a +0 buckler
 y - a +0 pair of gloves
Jewellery
 w - a ring of flight (left hand)
 B - a ring of protection from fire (right hand)
Wands
 v - a wand of disintegration (15)
Scrolls
 d - 4 scrolls of magic mapping {unknown}
 e - 2 scrolls of remove curse {unknown}
 k - a scroll of enchant weapon {unknown}
 l - 2 scrolls of fog {unknown}
 m - 4 scrolls of identify {unknown}
 n - 3 scrolls of teleportation {unknown}
 o - a scroll of enchant armour {unknown}
 p - a scroll of random uselessness {unknown}
Potions
 f - 5 potions of curing {unknown}
 g - a potion of degeneration {unknown}
 q - 2 potions of brilliance {unknown}
 s - a potion of cancellation {unknown}
 t - a potion of might {unknown}
 x - a potion of lignification {unknown}
 z - a potion of mutation {unknown}
 A - a potion of heal wounds {unknown}
 C - a potion of attraction {unknown}


   Skills:
 + Level 2.5 Short Blades
 - Level 2.3 Dodging
 * Level 9.1 Stealth
 + Level 2.8 Spellcasting
 + Level 5.4 Hexes
 + Level 1.5 Ice Magic


You had 4 spell levels left.
You knew the following spells:

 Your Spells              Type           Power        Failure   Level
a - Corona                Hex            24%          1%          1
b - Ensorcelled Hibernat  Hex/Ice        30%          6%          2
c - Confusing Touch       Hex            22%          5%          3

Your spell library contained the following spells:

 Spells                   Type           Power        Failure   Level
 Tukima's Dance           Hex            22%          5%          3
 Dazzling Flash           Conj/Hex       24%          16%         3


Dungeon Overview and Level Annotations

Branches:
Dungeon (6/15)
 Temple: D:4-7

Altars:
Dithmenos
Elyvilon
Gozag
Okawaru
Yredelemnul

Annotations:
D:4 3 runed translucent doors, Statics's ghost, amateur DrGl
D:5 Menkaure


Innate Abilities, Weirdness & Mutations

Your natural rate of healing is unusually fast.
You have razor-sharp teeth.
You have supernaturally acute eyesight. (SInv)
You can survive without breathing.


Message History

Aiming: Ensorcelled Hibernation (safe; 6% risk of failure)
Press: ? - help, Q - select action, (/) - cycle Shift-Dir - straight line, f - orc wizard
Aim: an orc wizard, wielding a +0 dagger and wearing a +0 robe (chance to affect: 46%)
The orc wizard resists with some effort.
The orc priest invokes the aid of Beogh against you.
Beogh smites you! The orc wizard closely misses you.
Aiming: Ensorcelled Hibernation (safe; 6% risk of failure)
Press: ? - help, Q - select action, (/) - cycle Shift-Dir - straight line, f/p - orc wizard
Aim: an orc wizard, wielding a +0 dagger and wearing a +0 robe (chance to affect: 46%)
The orc wizard resists with some effort.
The orc wizard closely misses you.
The orc wizard gestures at you while chanting.
The puff of flame hits you. You resist.
* * * LOW HITPOINT WARNING * * *
The orc priest invokes the aid of Beogh against you.
Beogh smites you!
* * * LOW HITPOINT WARNING * * *
The orc priest calls down the wrath of Beogh upon you.
Beogh smites you!
You die...

############ #####...#
##..........####...#...##########
.'.............'........†>.......
##..........####.....##.#.#.#....
##..........# ####..##.#.#.#.###
##..........# #..##.#.#.#.##.
############# #..##.#.#.#.##. #
###############..##.#(#.#.##. #
#$.....)oo..@....##.#...#.### #
#.....o#######......#.......# #
#...........##.#.##.#.#.....# #
#...........##.#.####.#.....# .
...........o.##.#.# #.#.....# ##
##.#####o.?oo##.#.# #.#.....# #
#. .....##.#.# #.####### # #
.....##.#.# #........ . ####.#
#.# #########


You could see an orc priest, an orc wizard and an orc.

Vanquished Creatures
  2 ogres (D:4)
  2 iguanas
  2 worker ants
  6 adders
  2 oozes
  3 worms
  2 dart slugs
  2 leopard geckos
  2 orcs (D:5)
  A ball python (D:3)
  8 bats
  4 giant cockroaches
  5 goblins
  3 hobgoblins
  2 jackals (D:3)
  4 quokkas
  6 frilled lizards
  A giant cockroach zombie (D:5)
  6 kobolds
  A leopard gecko skeleton (D:4)
  7 rats
71 creatures vanquished.

Notes
Turn   | Place    | Note
-------+----------+-------------------------------------------
     0 | D:1      | kikikiki the Vampire Enchanter began the quest for the Orb.
     0 | D:1      | Reached XP level 1. HP: 13/13 MP: 3/3
   216 | D:1      | Reached XP level 2. HP: 11/19 MP: 5/5
   407 | D:1      | Reached skill level 5 in Stealth
   421 | D:1      | Learned a level 2 spell: Ensorcelled Hibernation
   879 | D:1      | Reached XP level 3. HP: 23/24 MP: 6/6
  1118 | D:2      | Reached skill level 6 in Stealth
  1456 | D:2      | Found an opulent altar of Gozag.
  1868 | D:3      | Reached XP level 4. HP: 26/30 MP: 2/7
  1886 | D:3      | Reached skill level 7 in Stealth
  2000 | D:3      | Reached skill level 5 in Hexes
  2178 | D:3      | Found a white marble altar of Elyvilon.
  2179 | D:3      | Found a shadowy altar of Dithmenos.
  2359 | D:3      | Found a basalt altar of Yredelemnul.
  2468 | D:4      | Found a runed translucent gate.
  2468 | D:4      | Found a runed translucent gate.
  2468 | D:4      | Noticed a big kobold
  2469 | D:4      | Found a runed translucent gate.
  2535 | D:4      | Found an iron altar of Okawaru.
  2565 | D:4      | Reached XP level 5. HP: 32/35 MP: 8/8
  2722 | D:4      | Noticed an ogre
  2791 | D:4      | Noticed an ogre
  2813 | D:5      | Entered Level 5 of the Dungeon
  2898 | D:5      | Noticed Menkaure
  2925 | D:4      | Killed an ogre
  2926 | D:4      | Reached skill level 8 in Stealth
  2926 | D:4      | Reached skill level 1 in Ice Magic
  2952 | D:3      | Became a worshipper of Dithmenos the Shadowed
  3016 | D:4      | Learned a level 3 spell: Confusing Touch
  3243 | D:4      | Noticed Statics's ghost (amateur DrGl)
  3324 | D:4      | Killed an ogre
  3325 | D:4      | Reached XP level 6. HP: 41/41 MP: 8/10
  3426 | D:5      | Reached skill level 9 in Stealth
  3803 | D:5      | Killed from afar by an orc priest

Illustrated notes

Levels and vault maps discovered:
D:1:      ncdulo_lavacross, layout_loops_corners
D:2:      layout_basic, lemuel_round_altar, due_unseen_surprise
D:3:      layout_basic, nicolae_overflow_hidden_temple
D:4:      layout_cave_pools, lemuel_crystal_altar, gammafunk_ghost_nasty_kobolds
D:5:      layout_basic, uniq_menkaure
D:6:      layout_basic, okawaru_metal_pillars_1_2, uniq_crazy_yiuf_cottage,
          uniq_blork_the_orc, uniq_maggie, uniq_eustachio

Skill      XL: |  1  2  3  4  5  6 |
---------------+-------------------+-----
Stealth        | 5 6 7 8 9 |  9.1
Hexes          | 5 |  5.4
Short Blades   | 2 |  2.5
Ice Magic      | 1 |  1.5
Dodging        | |  2.3
Spellcasting   | |  2.8

Action                   |  1- 3 |  4- 6 || total
-------------------------+-------+-------++-------
Melee: Dagger            |    95 |    84 ||   179
       Bite              |     3 |     4 ||     7
 Cast: Corona            |     3 |       ||     3
       Ensorcelled Hiber |     8 |    31 ||    39
 Abil: Stop Flying       |       |     1 ||     1
       Evoke Flight      |       |     1 ||     1
 Stab: Sleeping          |    20 |    19 ||    39
Armor: Robe              |    30 |     7 ||    37
Dodge: Dodged            |    67 |    48 ||   115
